 Dungeon Crawl Stone Soup version 0.17.1-2-g5865329 (console) character file.

46 joosa the Grave Robber (level 3, 0/16 HPs)
             Began as a Vine Stalker Necromancer on Jan 14, 2016.
             Slain by a gnoll
             ... wielding a +0 spear
              (6 damage)
             ... on level 2 of the Dungeon.
             The game lasted 00:07:46 (861 turns).

joosa the Grave Robber (Vine Stalker Necromancer)    Turns: 861, Time: 00:07:47

Health: 0/16       AC:  2    Str: 10    XL:     3   Next: 68%
Magic:  0/7        EV: 13    Int: 16    God:
Gold:   110        SH:  0    Dex: 14    Spells: 2 memorised, 4 levels left

rFire  . . .     SeeInvis .     e - +0 spear
rCold  . . .     Clarity  .     a - +0 robe
rNeg   . . .     SustAt   .     (no shield)
rPois  .         Gourm    .     (no helmet)
rElec  .         Spirit   +     (no cloak)
rCorr  .         Warding  .     (no gloves)
rMut   .         Stasis   .     (no boots)
MR     .....                    (no amulet)
Stlth  ++........               (no ring)
                                (no ring)

@: not resistant to hostile enchantments, unstealthy
A: fangs 2, regeneration 1, magic shield, antimagic bite, no device heal 3, rot
immunity
a: no special abilities


You were on level 2 of the Dungeon.
You were not hungry.

You visited 1 branch of the dungeon, and saw 2 of its levels.

You collected 110 gold pieces.

Inventory:

Hand Weapons
 e - a +0 spear (weapon)
 j - a +0 hand axe
Missiles
 g - 4 javelins (quivered)
 k - 11 stones
Armour
 a - a +0 robe (worn)
Scrolls
 l - a scroll of teleportation {unknown}
Potions
 h - a potion of agility
Books
 b - a book of Necromancy

   Spells                             Type                      Level
   a - Pain                           Necromancy                   1
   b - Animate Skeleton               Necromancy                   1
   c - Vampiric Draining              Necromancy                   3
   d - Regeneration                   Charms/Necromancy            3
   e - Animate Dead                   Necromancy                   4
   f - Control Undead                 Necromancy                   4
Comestibles
 c - a bread ration
 d - 3 chunks of flesh
 f - a royal jelly
 i - 3 fruits


   Skills:
 + Level 2.5 Dodging
 - Level 2.4 Stealth
 + Level 0.8 Unarmed Combat
 - Level 2.3 Spellcasting
 - Level 4.4 Necromancy


You had 4 spell levels left.
You knew the following spells:

 Your Spells              Type           Power        Failure   Level  Hunger
z - Pain                  Necr           ###.         4%          1    #......
A - Animate Skeleton      Necr           N/A          4%          1    #......


Dungeon Overview and Level Annotations

Branches:
Dungeon (2/15)

Altars:


Innate Abilities, Weirdness & Mutations

You have extremely sharp teeth.
Your natural rate of healing is unusually fast.
When hurt, damage is shared between your health and your magic reserves.
Your bite disrupts and absorbs the magic of your enemies.
Potions and wands cannot restore your health.
You are immune to rotting.


Message History

Press: ? - help, Shift-Dir - straight line, f/p - gnoll
Aim: a gnoll, wielding a spear (lightly wounded, chance to defeat MR: 80%)
The gnoll barely resists.
The gnoll hits you from afar with a spear.
The gnoll closely misses you.
Casting: Pain
Confirm with . or Enter, or press ? or * to list all spells.
Aiming: Pain
Press: ? - help, Shift-Dir - straight line, f/p - gnoll
Aim: a gnoll, wielding a spear (lightly wounded, chance to defeat MR: 80%)
The gnoll barely resists.
The gnoll hits you from afar with a spear.
Casting: Pain
Confirm with . or Enter, or press ? or * to list all spells.
Aiming: Pain
Press: ? - help, Shift-Dir - straight line, f/p - gnoll
Aim: a gnoll, wielding a spear (lightly wounded, chance to defeat MR: 80%)
The gnoll convulses in agony!
The gnoll hits you from afar with a spear.
You die...

.......##...#.#
.......###.##.#
.....#.###.##.#
..............#
....<[.....#..#
####.#######..#
#.# #..## #.#
#..)####### #.#
##...@.g..# #.#
##.#####.# #.#
#.# #)# #. #.#
#.# #.# #.# #.#
#.# #.# #.# #.#
#.# #.# #.#


You could see a gnoll.

Vanquished Creatures
  3 gnolls
  A giant gecko (D:1)
  3 bats (D:1)
  5 goblins
  A hobgoblin (D:2)
  A kobold (D:1)
  2 giant newts (D:1)
  3 rats (D:1)
19 creatures vanquished.

Vanquished Creatures (collateral kills)
  A rat (D:1)
1 creature vanquished.

Grand Total: 20 creatures vanquished

Notes
Turn   | Place    | Note
--------------------------------------------------------------
     0 | D:1      | joosa the Vine Stalker Necromancer began the quest for the Orb.
     0 | D:1      | Reached XP level 1. HP: 9/9 MP: 4/4
     2 | D:1      | Learned a level 1 spell: Animate Skeleton
    84 | D:1      | Reached XP level 2. HP: 7/13 MP: 0/6
   610 | D:1      | Reached XP level 3. HP: 16/16 MP: 5/7
   861 | D:2      | Slain by a gnoll

Action                   || total
-------------------------++-------
Melee: Unarmed           ||     4
       Spear             ||    17
 Cast: Pain              ||    29
       Animate Skeleton  ||     2
  Use: Scroll            ||     3
 Stab: Sleeping          ||     1
